 Dungeon Crawl Stone Soup version 0.20.1-1-g8b1a95d (webtiles) character file.

4360 vishdafish the Spear-Bearer (level 10, -3/77 HPs)
             Began as a Demonspawn Fighter on July 3, 2017.
             Slain by a scorpion (5 damage)
             ... on level 7 of the Dungeon.
             The game lasted 00:16:04 (8996 turns).

vishdafish the Spear-Bearer (Demonspawn Fighter)    Turns: 8996, Time: 00:16:05

Health: -3/77      AC: 14    Str: 19    XL:     10   Next: 12%
Magic:  10/10      EV:  9    Int:  9    God:
Gold:   435        SH:  0    Dex: 14    Spells: 9/9 levels left

rFire    + . .     SeeInvis +   a - +1 trident
rCold    + . .     Gourm    .   (no shield)
rNeg     . . .     Faith    .   B - +2 chain mail {rC+}
rPois    .         Spirit   .   (helmet restricted)
rElec    .         Reflect  .   (no cloak)
rCorr    .         Harm     .   (no gloves)
MR       .....                  (no boots)
Stlth    ..........             (no amulet)
Regen    0.3/turn               (no ring)
MPRegen  0.2/turn               w - ring of see invisible

@: lethally poisoned (-3 -> -5), hasted, very quick
A: antennae 1, thin metallic scales 1, fire resistance 1, flame cloud immunity
a: no special abilities


You were on level 7 of the Dungeon.
You were hungry.

You visited 1 branch of the dungeon, and saw 8 of its levels.

You collected 435 gold pieces.

Inventory:

Hand Weapons
 a - a +1 trident (weapon)
Armour
 b - a +0 scale mail
 c - a +0 shield
 B - a +2 chain mail of cold resistance (worn)
Jewellery
 p - an uncursed ring of wizardry
 w - a ring of see invisible (right hand)
Wands
 y - a wand of iceblast (5/15)
Scrolls
 d - a scroll of random uselessness
 k - a scroll of magic mapping
 l - 2 scrolls of noise
 m - a scroll of enchant armour
 n - 2 scrolls of fear {unknown}
 q - 3 scrolls of remove curse
 r - 5 scrolls of teleportation
 s - 4 scrolls of enchant weapon
 v - 3 scrolls of amnesia
 A - 3 scrolls of silence
Potions
 g - a potion of ambrosia {unknown}
 i - a potion of lignification {unknown}
 o - 2 potions of mutation {unknown}
 t - 3 potions of flight
 u - 2 potions of degeneration {unknown}
 x - 2 potions of brilliance {unknown}
 C - a potion of heal wounds {unknown}
Books
 h - a book of Maledictions

   Spells                             Type                      Level
   a - Corona                         Hexes                        1
   b - Ensorcelled Hibernation        Hexes/Ice                    2
   c - Confuse                        Hexes                        3
   d - Tukima's Dance                 Hexes                        3
   e - Dazzling Spray                 Conjuration/Hexes            3
Comestibles
 f - 2 bread rations
 j - 4 fruits


   Skills:
 + Level 6.6 Fighting
 + Level 8.8 Polearms
 + Level 6.3 Armour
 + Level 3.5 Dodging
 + Level 1.0 Stealth
 + Level 6.2 Shields


You had 9 spell levels left.
You didn't know any spells.

Dungeon Overview and Level Annotations

Branches:
Dungeon (8/15)
 Temple: D:4-7         Lair: D:8-11

Altars:
Ashenzari
Dithmenos
Hepliaklqana
Xom

Annotations:
D:2 2 transporters


Innate Abilities, Weirdness & Mutations

You have a pair of small antennae on your head.
You are partially covered in thin metallic scales. (AC +2)
Your flesh is heat resistant. (rF+)
You are immune to clouds of flame.


Message History

The orc hits you but does no damage.
You barely miss the orc. The scorpion barely misses you.
The orc warrior hits you from afar with a trident.
* * * LOW HITPOINT WARNING * * *
You hit the orc but do no damage. The orc barely misses you.
The scorpion barely misses you.
You closely miss the orc.
The orc warrior hits you but does no damage.
The scorpion stings you but does no damage.
The orc barely misses you.
You barely miss the orc. The orc warrior barely misses you.
The scorpion stings you.
* * * LOW HITPOINT WARNING * * *
You are poisoned.
The scorpion poisons you!
You feel yourself speed up.
You feel sick. The orc closely misses you.
The orc warrior hits you from afar with a trident!
* * * LOW HITPOINT WARNING * * *
The scorpion stings you.
You die...

#..## #.# #†#
#...# #.#
#†####### #.#.#
#.####........
#o#?#
#......#######
#.#.# #..#####
##.#.# #..#
#....## #.)#
#.....######<.#
#...#...s@oo)[#
>.....#..o#####.#
.....#####.# #.#
#.... ..# #[#
####. .#.### #)#
#.
......####.#######
.# #......÷.......
## #.#####÷#######
#.#


You could see an orc warrior, a scorpion and 2 orcs.

Vanquished Creatures
  An unseen horror (D:8)
  Pikel (D:7)
  A hippogriff (D:7)
  A water moccasin (D:6)
  A sky beast (D:6)
  A black bear (D:7)
  3 orc warriors (D:7)
  A hornet zombie (D:8)
  3 ice beasts
  A necrophage (D:8)
  2 centaurs
  4 ogres
  A bullfrog (D:8)
  A wyvern zombie (D:8)
  4 scorpions
  2 howler monkeys (D:6)
  2 crimson imps
  A bullfrog zombie (D:3)
  2 centaur skeletons
  A jelly (D:5)
  7 hounds
  6 orc priests
  2 bullfrog skeletons
  8 worker ants
  4 orc wizards
  3 hound zombies
  A hound skeleton (D:4)
  5 gnolls (D:5)
  A howler monkey skeleton (D:6)
  12 adders
  4 river rats (D:5)
  An adder zombie (D:4)
  2 adder skeletons
  2 worms
  2 dart slugs
  5 leopard geckos
  24 orcs
  7 bats
  6 giant cockroaches
  8 goblins
  5 hobgoblins
  13 jackals
  5 quokkas
  2 ball pythons
  4 frilled lizards
  10 kobolds
  2 leopard gecko skeletons
  A quokka zombie (D:5)
  7 rats
193 creatures vanquished.

Vanquished Creatures (others)
  2 orc wizards (D:6)
  An orc (D:6)
3 creatures vanquished.

Grand Total: 196 creatures vanquished

Notes
Turn   | Place    | Note
-------+----------+-------------------------------------------
     0 | D:1      | vishdafish the Demonspawn Fighter began the quest for the Orb.
     0 | D:1      | Reached XP level 1. HP: 18/18 MP: 1/1
   224 | D:1      | Reached skill level 2 in Polearms
   259 | D:1      | Gained mutation: You are partially covered in thin metallic scales. (AC +2) [demonic ancestry]
   259 | D:1      | Reached XP level 2. HP: 18/24 MP: 2/2
   733 | D:2      | Found a transporter.
   736 | D:2      | Found a transporter.
   736 | D:2      | Noticed a crimson imp
   737 | D:2      | Noticed a two-headed ogre
   744 | D:2      | Found a hazy altar of Hepliaklqana.
   747 | D:2      | Reached XP level 3. HP: 27/29 MP: 3/3
  1513 | D:2      | Gained mutation: Your flesh is heat resistant. (rF+) [demonic ancestry]
  1513 | D:2      | Reached XP level 4. HP: 25/35 MP: 4/4
  2006 | D:3      | Reached skill level 3 in Polearms
  2006 | D:3      | Gained mutation: You have a pair of small antennae on your head. [demonic ancestry]
  2006 | D:3      | Reached XP level 5. HP: 23/41 MP: 5/5
  2330 | D:3      | Noticed an ice beast
  2347 | D:3      | Killed an ice beast
  2347 | D:3      | Reached skill level 1 in Dodging
  2347 | D:3      | Reached XP level 6. HP: 12/48 MP: 6/6
  2661 | D:3      | Found a shimmering altar of Xom.
  2661 | D:3      | Found a shattered altar of Ashenzari.
  3166 | D:4      | Reached skill level 4 in Polearms
  3247 | D:4      | Found a shadowy altar of Dithmenos.
  3384 | D:4      | HP: 2/48 [ogre/giant club (12)]
  3385 | D:4      | Reached XP level 7. HP: 3/54 MP: 7/7
  4124 | D:5      | Entered Level 5 of the Dungeon
  4202 | D:5      | Reached skill level 5 in Polearms
  4871 | D:5      | Reached XP level 8. HP: 61/61 MP: 8/8
  5327 | D:6      | You fall through a shaft!
  5744 | D:7      | Reached skill level 5 in Shields
  5874 | D:6      | Reached skill level 5 in Armour
  5948 | D:6      | Reached skill level 5 in Fighting
  5948 | D:6      | Reached skill level 6 in Polearms
  6612 | D:6      | Noticed Pikel
  6635 | D:7      | Reached skill level 7 in Polearms
  6635 | D:7      | Gained mutation: You are immune to clouds of flame. [demonic ancestry]
  6635 | D:7      | Reached XP level 9. HP: 39/68 MP: 9/9
  6843 | D:7      | Killed Pikel
  6843 | D:7      | Reached skill level 1 in Stealth
  7876 | D:8      | Reached skill level 8 in Polearms
  8409 | D:8      | Got a translucent great mace
  8415 | D:8      | Identified the cursed +2 great mace of Change {chaos, Int+2 Dex+3} (You found it on level 8 of the Dungeon)
  8704 | D:8      | Noticed an unseen horror
  8722 | D:8      | Killed an unseen horror
  8722 | D:8      | Reached XP level 10. HP: 42/77 MP: 10/10
  8908 | D:7      | HP: 3/77 [orc warrior/broad axe (12)]
  8996 | D:7      | HP: 2/77 [orc warrior/trident (10)]
  8996 | D:7      | Slain by a scorpion

Skill      XL: |  1  2  3  4  5  6  7  8  9 |
---------------+----------------------------+-----
Polearms       | 2 3 4 5 7 8 |  8.8
Armour         | 3 4 5 6 |  6.3
Shields        | 3 4 5 6 |  6.2
Dodging        | 1 2 3 |  3.5
Fighting       | 4 5 6 |  6.6
Stealth        | 1 |  1.0

Action                   |  1- 3 |  4- 6 |  7- 9 | 10-12 || total
-------------------------+-------+-------+-------+-------++-------
Melee: Trident           |   139 |   253 |   714 |    28 ||  1134
  Use: Potion            |       |     5 |     1 |     4 ||    10
       Scroll            |       |       |    13 |     1 ||    14
  Eat: Chunk             |     2 |     6 |     5 |       ||    13
       Meat ration       |       |       |     1 |       ||     1
       Bread ration      |       |       |     2 |       ||     2
Armor: Scale mail        |    45 |   131 |   145 |       ||   321
       Chain mail        |       |       |    83 |     9 ||    92
Dodge: Dodged            |    29 |    76 |   192 |    13 ||   310
Block: Shield            |    53 |   130 |   282 |       ||   465
